 Dungeon Crawl Stone Soup version 0.18.1-8-gdd0e5ea (webtiles) character file.

199 shmeve the Shield-Bearer (level 5, -5/49 HPs)
             Began as a Deep Dwarf Fighter on May 27, 2016.
             Slain by RayneProwler's ghost (13 damage)
             ... on level 3 of the Dungeon.
             The game lasted 00:03:47 (1675 turns).

shmeve the Shield-Bearer (Deep Dwarf Fighter)       Turns: 1675, Time: 00:03:48

Health: -5/49      AC:  7    Str: 25    XL:     5   Next: 48%
Magic:  6/6        EV:  8    Int:  9    God:
Gold:   210        SH: 11    Dex: 12    Spells: 0 memorised, 4 levels left

rFire  + . .     SeeInvis .     a - +0 war axe
rCold  . . .     Gourm    .     b - +0 scale mail
rNeg   . . .     Faith    .     c - +1 shield
rPois  .         Spirit   .     (no helmet)
rElec  .         Dismiss  .     (no cloak)
rCorr  .         Reflect  .     (no gloves)
SustAt .         Harm     .     (no boots)
MR     .....                    (no amulet)
Stlth  ..........               (no ring)
                                k - ring of protection from fire

@: mighty, non-regenerating, not resistant to hostile enchantments, extremely
unstealthy
A: damage resistance, recharge devices, sense surroundings 1, slow regeneration
3
a: Device Recharging


You were on level 3 of the Dungeon.
You were not hungry.

You visited 1 branch of the dungeon, and saw 3 of its levels.

You collected 210 gold pieces.

Inventory:

Hand Weapons
 a - a +0 war axe (weapon)
Armour
 b - a +0 scale mail (worn)
 c - a +1 shield (worn)
Jewellery
 k - a ring of protection from fire (left hand)
Wands
 e - a wand of heal wounds (3/9)
Scrolls
 g - a scroll of recharging {unknown}
 i - 6 scrolls of identify {unknown}
 j - 2 scrolls of teleportation {unknown}
 n - a scroll of blinking {unknown}
 o - a scroll of fear {unknown}
 r - a scroll of fog {unknown}
 u - a scroll of enchant armour
Potions
 m - a potion of haste {unknown}
 p - a potion of heal wounds {unknown}
 q - a potion of curing {unknown}
 v - a potion of lignification {unknown}
Comestibles
 f - 2 bread rations
 h - a slice of pizza
 l - 3 fruits
 s - a meat ration
 t - 2 chunks of flesh


   Skills:
 * Level 3.4 Fighting
 * Level 3.7 Axes
 + Level 3.8 Armour
 + Level 0.9 Dodging
 * Level 4.4 Shields
 + Level 2.1 Evocations


You had 4 spell levels left.
You didn't know any spells.

Dungeon Overview and Level Annotations

Branches:
Dungeon (3/15)

Altars:

Annotations:
D:3 RayneProwler's ghost, amateur DrBe


Innate Abilities, Weirdness & Mutations

You are resistant to damage.
You can recharge devices by infusing magical energy.
You passively map a small area around you.
You do not regenerate naturally.


Message History

You slash the jelly!
Your hands burn!
The jelly is heavily wounded.
The jelly hits you.
You are splashed with acid!
The acid corrodes you!
The acid burns!
You block the jelly's attack.
You slash the jelly!
You kill the jelly!
Found a club.
You start waiting.
RayneProwler's ghost (amateur Draconian Berserker) comes into view.
RayneProwler's ghost is nearby!
RayneProwler's ghost turns its malevolent gaze towards you.
Drink which item? (? for menu, Esc to quit)
You feel very mighty all of a sudden. RayneProwler's ghost hits you!
* * * LOW HITPOINT WARNING * * *
You miss RayneProwler's ghost.
You are no longer corroded.
RayneProwler's ghost sneers, "Do you call that fighting?"
RayneProwler's ghost hits you!
You die...

##### * ### ###)..### ,
... ,.....+.# ## , #..
#...#.## #.
*###..)##...#..#########.
, ,
......W@................
###...#######.#######.##
###* ###.## #.# * ,
#....# ###'## #....#
#....# #....# #.)..#
####.# #.)(.#
##'####.)..# #..........#


You could see RayneProwler's ghost.

Vanquished Creatures
  A jelly (D:3)
  4 gnolls (D:3)
  8 adders
  A worm (D:2)
  4 orcs (D:3)
  2 ball pythons
  8 goblins
  5 hobgoblins
  4 jackals
  5 kobolds
  A quokka (D:2)
  7 bats
  3 giant newts (D:2)
  4 rats
57 creatures vanquished.

Notes
Turn   | Place    | Note
--------------------------------------------------------------
     0 | D:1      | shmeve the Deep Dwarf Fighter began the quest for the Orb.
     0 | D:1      | Reached XP level 1. HP: 20/20 MP: 1/1
   248 | D:1      | Reached XP level 2. HP: 24/27 MP: 2/2
   781 | D:2      | Reached skill level 1 in Evocations
   812 | D:2      | Reached XP level 3. HP: 18/33 MP: 3/3
   858 | D:2      | Reached XP level 4. HP: 11/42 MP: 4/4
  1231 | D:2      | Reached skill level 4 in Shields
  1625 | D:3      | Reached XP level 5. HP: 23/49 MP: 6/6
  1671 | D:3      | Noticed RayneProwler's ghost (amateur DrBe)
  1675 | D:3      | Slain by RayneProwler's ghost

Skill      XL: |  1  2  3  4  5 |
---------------+----------------+-----
Evocations     | 1 2 |  2.1
Axes           | 3 |  3.7
Fighting       | 3 |  3.4
Shields        | 4 |  4.4
Armour         | |  3.8
Dodging        | |  0.9

Action                   |  1- 3 |  4- 6 || total
-------------------------+-------+-------++-------
Melee: War axe           |   112 |   106 ||   218
Evoke: Wand              |       |     2 ||     2
  Use: Scroll            |       |     2 ||     2
       Potion            |       |     1 ||     1
  Eat: Chunk             |       |     3 ||     3
Armor: Scale mail        |    62 |    45 ||   107
Dodge: Dodged            |    50 |    39 ||    89
Block: Shield            |    65 |    65 ||   130
